 Dungeon Crawl Stone Soup version 0.30-a0-122-g2a1322497e (webtiles) character file.

Game seed: 5965856258436560351

856 MirrMurr the Shooter (level 7, -9/33 HPs)
             Began as a Spriggan Hunter on Sept 17, 2022.
             Was an Initiate of Okawaru.
             Killed from afar by an acid dragon (26 damage)
             ... with a splash of acid
             ... on level 5 of the Dungeon.
             The game lasted 00:11:11 (7070 turns).

MirrMurr the Shooter (Spriggan Hunter)              Turns: 7070, Time: 00:11:11

Health: -9/33      AC:  7    Str:  7    XL:     7   Next: 70%
Magic:  8/8        EV: 21    Int: 11    God:    Okawaru [......]
Gold:   185        SH:  0    Dex: 20    Spells: 6/6 levels left

rFire   . . .      SeeInvis +    a - +0 shortbow
rCold   . . .      Faith    .    (shield currently unavailable)
rNeg    . . .      Spirit   .    c - +0 robe
rPois   .          Reflect  .    (helmet restricted)
rElec   .          Harm     .    p - +0 cloak
rCorr   .          Rampage  .    (gloves unavailable)
Will    +....                    (boots unavailable)
Stlth   ++++......               (no amulet)
HPRegen 0.11/turn                o - +4 ring of protection
MPRegen 0.11/turn                j - ring of flight

@: flying, very quick
A: very small, no large weapons, unfitting armour, see invisible, speed 3
a: Renounce Religion


You were on level 5 of the Dungeon.
You worshipped Okawaru.
Okawaru was noncommittal.
You visited 2 branches of the dungeon, and saw 6 of its levels.
You also visited: Sewer.

You collected 185 gold pieces.

Inventory:

Hand Weapons
 a - a +0 shortbow (weapon)
 b - a +1 short sword of venom
Missiles
 h - 15 poisoned darts
 l - 46 stones
Armour
 c - a +0 robe (worn)
 p - a +0 cloak (worn)
Jewellery
 j - a ring of flight (right hand)
 o - a +4 ring of protection (left hand)
Wands
 n - a wand of mindburst (16)
Scrolls
 m - 2 scrolls of immolation
 r - 3 scrolls of teleportation
 s - a scroll of identify
Potions
 d - 4 potions of heal wounds
 e - a potion of flight
 f - 3 potions of invisibility
 g - a potion of resistance
 i - 2 potions of lignification
 k - 2 potions of haste
 q - a potion of might {unknown}


   Skills:
 - Level 1.5 Fighting
 * Level 7.4 Ranged Weapons
 + Level 6.2 Dodging
 + Level 6.9 Stealth


You had 6 spell levels left.
You didn't know any spells.
Your spell library contained the following spells:

 Spells                   Type           Power      Damage    Failure   Level
 Necrotise                Necr           0%         1d4       34%         1
 Vampiric Draining        Necr           0%         2d6       71%         3
 Agony                    Necr           0%         N/A       100%        5


Dungeon Overview and Level Annotations

Branches:
Dungeon (5/15)             Temple (1/1) D:4           Sewer (visited)

Altars:
Ashenzari
Dithmenos
Elyvilon
Kikubaaqudgha
Makhleb
Nemelex Xobeh
Okawaru
Qazlal
Ru
Sif Muna
Trog
Uskayaw
Vehumet
Yredelemnul
Zin
The Shining One


Innate Abilities, Weirdness & Mutations

You are very small and have problems with some larger weapons.
You are too small for most types of armour.
You have supernaturally acute eyesight. (SInv)
You cover ground extremely quickly. (Speed+++)


Message History

The orc shouts!
You shoot an arrow. The arrow barely misses the orc.
The orc shouts! x2
You shoot an arrow. The arrow hits the orc!
You kill the orc!
Okawaru accepts your kill.
You shoot an arrow. The arrow barely misses the orc.
There is an escape hatch in the floor here.
You shoot an arrow. The arrow hits the orc.
The orc is severely wounded.
You shoot an arrow. The arrow hits the orc.
You kill the orc!
Okawaru accepts your kill.
You shoot an arrow. The arrow hits the orc!
You kill the orc!
Okawaru accepts your kill.
No target in view!
Things that are here:
a +0 flail; an orc corpse You reach down and open the door.
Found a stone staircase leading down.
There is an open door here.
Found a bloodstained altar of Trog.
An acid dragon comes into view.
You shoot an arrow. The arrow hits the acid dragon!
The acid dragon roars!
The acid dragon is heavily wounded.
You shoot an arrow. The arrow hits the acid dragon!
The acid dragon is almost dead.
The acid dragon spits acid at you. The splash of acid hits you!
There are no items here.
You shoot an arrow. The arrow hits the acid dragon.
The acid dragon is almost dead.
You shoot an arrow.
The arrow barely misses the acid dragon.
The acid dragon spits acid at you. The splash of acid hits you!!
Ouch! That really hurt!
You die...

######################
#######.....................
..#......####..PPPP.._..PPPP
..#...+.........@.....D.....
###..##..##...##....########
..#..##..#######....####
..#......................
..#...........>......####
>.######'#############
.....)...........
...).............
..)..............


You could see an acid dragon (catching breath).

Vanquished Creatures
  A water moccasin (D:5)
  A black bear (D:5)
  A sky beast (D:4)
  2 kobold brigands (Sewer)
  2 vampire bats (D:3)
  Crazy Yiuf (D:2)
  An orc priest (D:3)
  A gnoll bouda (D:4)
  Natasha (thrice) (D:2)
  An orc wizard (D:3)
  3 gnolls (D:4)
  3 adders
  3 worms
  4 dart slugs
  6 orcs
  13 ball pythons
  6 endoplasms
  2 giant cockroaches
  9 goblins
  7 hobgoblins
  8 jackals
  2 quokkas
  13 bats
  6 frilled lizards
  14 kobolds
  7 rats
120 creatures vanquished.

Notes
Turn   | Place    | Note
-------+----------+-------------------------------------------
     0 | D:1      | MirrMurr the Spriggan Hunter began the quest for the Orb.
     0 | D:1      | Reached XP level 1. HP: 10/10 MP: 2/2
   196 | D:1      | Reached XP level 2. HP: 11/14 MP: 3/3
   325 | D:1      | Found a faded altar of an unknown god.
  1214 | D:2      | Reached XP level 3. HP: 18/18 MP: 4/4
  1616 | D:2      | Found a sacrificial altar of Ru.
  1931 | D:2      | Noticed Natasha
  1948 | D:2      | Killed Natasha
  1949 | D:2      | Reached skill level 5 in Ranged Weapons
  1949 | D:2      | Reached XP level 4. HP: 12/22 MP: 5/5
  2369 | D:2      | Noticed Natasha
  2650 | D:2      | Killed Natasha
  2685 | D:2      | Found a runed translucent door.
  2686 | D:2      | Noticed Crazy Yiuf
  2772 | D:2      | Found a sacrificial altar of Ru.
  3032 | D:2      | Noticed Natasha
  3039 | D:2      | Killed Natasha
  3754 | D:2      | Killed Crazy Yiuf
  3755 | D:2      | Reached XP level 5. HP: 25/25 MP: 6/6
  4748 | D:3      | Reached skill level 6 in Ranged Weapons
  4748 | D:3      | Reached XP level 6. HP: 24/30 MP: 7/7
  4751 | D:3      | Reached skill level 5 in Stealth
  5011 | D:4      | Noticed a sky beast
  5030 | D:4      | Killed a sky beast
  5031 | D:4      | Reached skill level 5 in Dodging
  5219 | D:4      | Found a glowing drain.
  5230 | Sewer    | Entered a sewer
  5425 | Sewer    | Reached XP level 7. HP: 18/33 MP: 8/8
  5956 | D:4      | Found a staircase to the Ecumenical Temple.
  5963 | Temple   | Entered the Ecumenical Temple
  6152 | Temple   | Became a worshipper of Warmaster Okawaru
  6709 | D:5      | Entered Level 5 of the Dungeon
  6750 | D:5      | Reached skill level 7 in Ranged Weapons
  7053 | D:5      | Found a bloodstained altar of Trog.
  7070 | D:5      | Killed from afar by an acid dragon

Illustrated notes

Levels and vault maps discovered:
D:1:      minmay_arrival_stair_chambers, layout_basic,
          ebering_ecumenical_altar_rust
D:2:      layout_loops_corners, basic_altar, uniq_crazy_yiuf_cottage,
          uniq_natasha
D:3:      layout_loops_ring, roderic_batcave, minmay_misc_feat_nine_boxes,
          hangedman_feature_mirror
D:4:      layout_basic, temple_statues, cheibrodos_sewer_entry_drain
D:5:      layout_gridville, mainiacjoe_overflow_boulevard,
          nicolae_elevator_lobby_asterisk
Temple:   nicolae_temple_bog_church

Skill      XL: |  1  2  3  4  5  6  7 |
---------------+----------------------+-----
Stealth        | 2 3 4 5 6 |  6.9
Dodging        | 3 4 5 6 |  6.2
Ranged Weapons | 5 6 7 |  7.4
Fighting       | |  1.5

Action                   |  1- 3 |  4- 6 |  7- 9 || total
-------------------------+-------+-------+-------++-------
Melee: Short sword       |    14 |       |       ||    14
 Fire: Shortbow          |    92 |   190 |    98 ||   380
  Use: Scroll            |       |     9 |     2 ||    11
Armor: Robe              |     2 |    13 |     6 ||    21
Dodge: Dodged            |    28 |    83 |    39 ||   150

Table legend: (Time is in decaauts)
 A = Elapsed time spent in this place.
 B = Non-inter-level travel time spent in this place.
 C = Inter-level travel time spent in this place.
 D = Time resting spent in this place.
 E = Time spent auto-exploring this place.
 F = Levels seen in this place.
 G = Mean time per level.
                   A        B        C        D        E       F      G
               +--------+--------+--------+--------+--------+-----+--------+
         Total |   5362 |   5188 |    174 |     42 |   4264 |   7 |  766.0 |
       Dungeon |   4796 |   4632 |    164 |     42 |   3835 |   5 |  959.2 |
        Temple |    129 |    119 |     10 |      0 |    106 |   1 |  129.0 |
         Sewer |    435 |    435 |      0 |      0 |    322 |   1 |  435.0 |
               +--------+--------+--------+--------+--------+-----+--------+

Top non-repeatable levels by time:
     D:2: 1951 daAuts
     D:1: 1078 daAuts
     D:4: 750 daAuts
     D:3: 722 daAuts
   Sewer: 435 daAuts
     D:5: 294 daAuts
  Temple: 129 daAuts
